Map: 카이로스 정션 - 래더

Players

DnS

  • Race: Protoss Protoss
  • Spawn Location: 11:00

lIlIlIlIIlIl (Dear) - Winner!

  • Race: Protoss Protoss
  • League: Master
  • Spawn Location: 5:00

Event: 2019 Assembly Summer

VOD

Have the link to the VOD?

Description

Time

  • Played on: Aug. 1, 2019, 11:03 a.m.
  • Length: 11:19

All games in this series

Show
View Real Time Build Order
Export as new Build Order

DnS Protoss 

Build Orders:  

Get SALT Encoding   

  12  0:00  Probe  
  13  0:12  Probe  
  14  0:17  Pylon  
  14  0:23  Probe  
  15  0:31  Probe  
  15  0:36  Gateway  
  15  0:40  Probe  
  16  0:46  Assimilator  
  17  0:51  Probe  
  17  0:54  Assimilator  
  18  1:00  Probe  
  19  1:07  Gateway  
  19  1:09  Probe  
  19  1:18  Probe  
  20  1:24  Cybernetics Core  
  21  1:30  Probe  
  22  1:34  Pylon  
  22  1:42  Probe  
  23  1:52  Warp Gate  
  23  1:54  Probe  
  23  2:00  Stalker x2  
  28  2:10  Pylon  
  28  2:30  Adept x2  
  32  2:50  Nexus  
  32  2:53  Probe  
  33  3:00  Sentry  
  33  3:04  Sentry  
  33  3:05  Probe  
  38  3:09  Pylon  
  38  3:15  Shield Battery  
  38  3:19  Probe  
  39  3:28  Robotics Facility  
  39  3:30  Probe  
  40  3:38  Probe  
  40  3:46  Probe  
  41  3:50  Stalker  
  41  3:51  Stalker  
  42  3:58  Probe  
  40  4:06  Probe  
  40  4:10  Probe  
  40  4:14  Probe  
  42  4:18  Probe  
  42  4:22  Stalker  
  46  4:24  Probe  
  46  4:27  Probe  
  46  4:28  Stalker  
  49  4:36  Probe  
  51  4:39  Probe  
  52  4:45  Stalker  
  52  4:47  Observer  
  52  4:50  Probe  
  56  4:53  Pylon  
  56  5:04  Probe, Stalker  
  56  5:05  Probe  
  56  5:11  Stalker  
  58  5:14  Shield Battery  
  58  5:16  Probe  
  58  5:17  Probe  
  58  5:21  Shield Battery  
  60  5:28  Probe  
  57  5:29  Probe  
  57  5:33  Shield Battery  
  54  5:35  Stalker  
  54  5:38  Probe x2  
  52  5:46  Probe x2  
  52  5:52  Adept  
  52  5:54  Probe  
  52  5:55  Probe, Observer  
  52  5:56  Forge  
  57  5:59  Adept  
  61  6:04  Assimilator  
  61  6:05  Assimilator  
  61  6:06  Probe  
  61  6:07  Probe  
  61  6:11  Pylon  
  63  6:18  Probe  
  63  6:19  Probe, Sentry  
  67  6:26  Immortal  
  67  6:30  Probe  
  67  6:31  Probe  
  69  6:36  Protoss Ground Weapons Level 1  
  69  6:38  Sentry  
  71  6:43  Probe  
  71  6:46  Shield Battery, Sentry  
  75  6:49  Gateway  
  75  6:50  Gateway  
  75  6:55  Gateway  
  75  6:58  Immortal  
  75  7:00  Twilight Council  
  78  7:13  Gateway  
  78  7:23  Pylon  
  78  7:26  Charge  
  77  7:33  Pylon  
  77  7:41  Templar Archives  
  77  7:44  Gateway x2  
  77  7:49  Zealot x2  
  81  7:55  Immortal  
  84  8:13  Pylon  
  84  8:18  High Templar x2  
  88  8:23  Archon  
  88  8:29  Protoss Ground Weapons Level 2  
  88  8:30  Nexus  
  88  8:33  Pylon  
  86  8:34  Pylon  
  86  8:37  Warp Prism  
  88  8:47  High Templar x2  
  91  8:48  Zealot  
  91  8:51  Archon  
  91  8:52  Pylon  
  93  9:12  High Templar x2, Zealot x2  
  93  9:13  Zealot x2  
  93  9:16  Archon  
  103  9:27  Probe x2  
  105  9:36  Photon Cannon  
  105  9:38  Zealot x5  
  115  10:01  Pylon  
  115  10:02  Pylon  
  115  10:05  High Templar x2  
  115  10:06  High Templar x2  
  123  10:08  Pylon  
  123  10:09  Archon  
  123  10:10  Archon  
  123  10:12  Zealot  
  125  10:24  Zealot x2  
  127  10:32  Zealot  
  123  10:36  Shield Battery  
  123  10:37  High Templar, Shield Battery  
  123  10:38  High Templar, Zealot x3  
  133  10:42  Archon  
  133  10:50  Zealot x2  
  126  10:59  Zealot x4  
  105  11:10  Zealot x4  
Show
View Real Time Build Order
Export as new Build Order

lIlIlIlIIlIl Protoss - Winner!

Build Orders: Oracle Opening, Archon Immortal 

Get SALT Encoding   

  12  0:00  Probe  
  13  0:12  Probe  
  14  0:17  Pylon  
  14  0:24  Probe  
  15  0:32  Probe  
  15  0:36  Gateway  
  15  0:40  Probe  
  16  0:46  Assimilator  
  17  0:51  Probe  
  17  0:54  Assimilator  
  18  0:59  Probe  
  19  1:07  Gateway, Probe  
  19  1:17  Probe  
  20  1:23  Cybernetics Core  
  21  1:29  Probe  
  22  1:33  Pylon  
  22  1:41  Probe  
  23  1:53  Probe  
  24  2:00  Stalker x2  
  28  2:01  Warp Gate  
  28  2:11  Pylon  
  28  2:28  Stargate  
  28  2:30  Adept  
  28  2:31  Adept  
  32  2:40  Shield Battery  
  32  3:05  Nexus, Oracle  
  35  3:21  Shield Battery  
  35  3:28  Probe  
  35  3:32  Shield Battery  
  36  3:40  Pylon  
  36  3:58  Probe  
  36  4:02  Stalker  
  39  4:09  Oracle  
  39  4:10  Pylon  
  39  4:13  Probe  
  39  4:14  Probe  
  43  4:21  Probe  
  43  4:22  Probe  
  44  4:25  Robotics Facility  
  44  4:31  Adept x2  
  50  4:32  Probe  
  50  4:35  Probe  
  52  4:41  Shield Battery  
  52  4:44  Probe  
  53  4:48  Probe  
  54  4:52  Stalker  
  54  4:53  Stalker  
  54  4:57  Probe  
  59  5:03  Probe  
  60  5:09  Pylon  
  60  5:10  Probe  
  60  5:12  Assimilator  
  62  5:14  Observer  
  62  5:16  Assimilator  
  62  5:27  Probe x2  
  64  5:30  Immortal  
  62  5:39  Probe x2  
  64  5:49  Pylon  
  64  5:50  Stalker x2  
  64  5:51  Probe x2  
  70  5:58  Pylon  
  70  5:59  Immortal  
  70  6:07  Probe x2, Phoenix  
  78  6:17  Forge  
  78  6:19  Twilight Council  
  78  6:27  Probe x2  
  78  6:29  Adept  
  78  6:30  Adept  
  80  6:39  Probe x2  
  82  6:40  Warp Prism  
  82  6:45  Protoss Ground Weapons Level 1  
  84  6:50  Sentry  
  84  6:52  Pylon  
  86  6:55  Charge  
  86  7:07  Immortal  
  86  7:08  Pylon  
  90  7:29  Gateway  
  90  7:30  Gateway  
  90  7:32  Templar Archives  
  90  7:34  Gateway  
  90  7:37  Gateway  
  90  7:44  Gateway, Probe  
  90  7:45  Gateway  
  91  7:54  Immortal  
  95  8:10  Nexus  
  95  8:13  Protoss Ground Weapons Level 2  
  95  8:14  Pylon  
  95  8:16  High Templar  
  95  8:17  High Templar  
  99  8:20  Pylon  
  99  8:22  Pylon  
  99  8:31  Archon  
  99  8:33  Pylon  
  99  8:41  High Templar x2, Zealot x2  
  101  8:42  Zealot  
  101  8:46  Zealot  
  101  8:47  Archon  
  111  8:50  Pylon  
  111  8:57  High Templar  
  111  8:58  High Templar  
  111  8:59  Probe x2  
  117  9:04  Archon  
  117  9:09  Immortal  
  121  9:11  Probe x2  
  121  9:17  Pylon  
  123  9:23  Probe  
  124  9:24  Probe x2  
  124  9:30  High Templar x2  
  130  9:31  Zealot x3  
  130  9:35  Archon  
  130  9:37  Zealot  
  130  9:38  Zealot  
  144  9:59  Zealot x4  
  152  10:00  High Templar x2  
  152  10:04  Archon  
  152  10:05  Zealot x2  
  156  10:09  Pylon  
  156  10:11  Photon Cannon  
  156  10:12  Pylon  
  154  10:31  Zealot x6  
  154  10:34  Zealot x2  
  166  10:56  Zealot x2  
  164  10:58  Zealot x4  
  164  10:59  Zealot  
  164  11:03  Zealot  
  123  11:17  Zealot x2  
Tags
 
Add a new tag
Caveats
  • Supply blocks, unpowered buildings, or Contaminate may cause inaccurate times.
  • Supply counts are checked every 10 seconds.